Unix NetHack Version 3.7.0-86 Work-in-progress - last build May 30 2023 01:50:43 (cc98dc9aa62a9957b082a042edf5bd7ec9f632c7,branch:master). Game began 2023-06-08 18:46:14, ended 2023-06-08 19:51:30. Emilus85, lawful female dwarven Valkyrie ----------- |.........| |.........| |.....<....### --|-------- # # # # ## ## # ##### ### ### #### -------|----- # |......>.....#############0 |...........| # --|---------- |.........d.| |)....(.....| |........@..-##)#%h#%#))f).k........| |...........| |)..........| ------------- |...........| ------------- Emilus85 the Fighter St:18/03 Dx:12 Co:17 In:9 Wi:8 Ch:8 Lawful S:3192 Dlvl:6 $:46 HP:0(63) Pw:12(12) AC:4 Xp:7/694 T:4723 Latest messages: You see here a bugbear corpse. You hit the bugbear! The bugbear hits! You kill the bugbear! The gnome throws a dart! You are hit by a dart. There is a doorway here. You see here a bugbear corpse. The gnome picks up a bow. The gnome lord shoots an arrow! You are hit by an arrow. The gnome misses! The air crackles around the kobold shaman. You kill the gnome! The gnome picks up 6 darts. You kill the gnome! The gnome picks up an orcish helm. The kobold shaman points at you, then curses. You kill the gnome! The bugbear misses! The gnome lord wields an orcish dagger! The gnome thrusts one of his daggers. The gnome hits! The kobold shaman points at you, then curses. You miss the bugbear. The gnome lord picks up a bow. The gnome thrusts one of his daggers. The gnome hits! You kill the gnome lord! You hit the bugbear! The bugbear hits! The bugbear picks up a bow. You see here a dagger. The bugbear picks up an arrow. The bugbear wields a bow! There are many objects here. Olaf eats a bugbear corpse. The bugbear shoots an arrow! An arrow misses you. You miss the dog. The dog bites! You hit the dog! The dog bites! The dog bites! You die... Do you want your possessions identified? [ynq] (y) Do you want to see your attributes? [ynq] (y) Do you want an account of creatures vanquished? [ynaq] (y) Do you want to see your conduct and achievements? [ynq] (y) Do you want to see the dungeon overview? [ynq] (y) Inventory: Coins $ - 46 gold pieces Weapons H - 8 +0 darts (at the ready) b - a blessed +0 dagger (alternate weapon; not wielded) a - a +1 dwarvish spear (weapon in hand) W - a +0 aklys Armor x - an uncursed +0 orcish helm (being worn) c - an uncursed +3 small shield (being worn) Comestibles i - an uncursed pancake I - a cursed tripe ration n - an uncursed rotten tin of iguana meat o - an uncursed jackal corpse p - an uncursed lizard corpse Rings D - a blessed +1 ring of protection (on left hand) Wands l - a wand of digging (0:5) e - a wand of light (0:11) Tools Y - an uncursed sack containing 5 items m - an uncursed bell Q - an uncursed lock pick O - a cursed lock pick q - a magic marker (0:56) J - an uncursed skeleton key U - an uncursed tin opener s - an uncursed tin whistle Contents of the sack: a cursed +0 spear a +0 scimitar a +0 scimitar an uncursed scroll of destroy armor an uncursed scroll of identify Emilus85 the Valkyrie's attributes: Background: You were a Fighter, a level 7 dwarven Valkyrie. You were lawful, on a mission for Tyr who was opposed by Odin (neutral) and Loki (chaotic). You were in the Dungeons of Doom, on level 6. You entered the dungeon 4723 turns ago. You had 694 experience points, 586 more were needed to attain level 8. Your score was 3192 before end-of-game adjustments. Basics: You had 0 out of 63 hit points. You had all 12 energy points (spell power). Your armor class was 4. Your wallet contained 46 zorkmids. Autopickup was off. Final Characteristics: Your strength was 18/03 (limit:18/100). Your dexterity was 12 (limit:20). Your constitution was 17 (limit:20). Your intelligence was 9 (limit:16). Your wisdom was 8 (limit:16). Your charisma was 8 (limit:16). Final Status: You were not hungry. You were unencumbered. You were wielding a spear. You were skilled in spear. Final Attributes: You were piously aligned. You were cold resistant. You were telepathic. You had infravision. You were stealthy. You had a small defense bonus (+1). You were warded. You were fast. You are dead. Miscellaneous: You never encountered a bones level. Total elapsed playing time was 1 hour, 5 minutes and 15 seconds. Major events: Turn 1: Emilus85 the lawful dwarven Valkyrie entered the dungeon 853: entered the Gnomish Mines 881: attained the rank of Skirmisher (level 3) 3943: attained the rank of Fighter (level 6) 4723: killed by a dog Vanquished creatures: a large mimic a dwarf ruler a leprechaun a lizard 7 bugbears an imp 3 gnome leaders 2 gnomish wizards 2 gray oozes 2 paper golems a little dog 2 floating eyes a homunculus 2 kobold leaders 5 hill orcs 3 rothes a rabid rat 2 monkeys 2 orc zombies a wererat a werejackal 4 iguanas an acid blob a hobbit a large kobold 12 hobgoblins a yellow mold 20 gnomes 2 geckos 7 jackals 2 kobolds 6 goblins 2 grid bugs a bat 3 lichens a kobold zombie 4 newts 110 creatures vanquished. No species were genocided or became extinct. Voluntary challenges: You read items or engraved 8 times. You never engraved Elbereth. You never genocided any monsters. You never polymorphed an object. You used no wishes. Achievements: You entered the Gnomish Mines. You attained the rank of Skirmisher. You entered a shop. You attained the rank of Fighter. The Dungeons of Doom: levels 1 to 7 Level 1: Level 2: A fountain. Stairs down to The Gnomish Mines. Level 3: A general store. Level 4: A fountain. Level 5: Level 6: <- You were here. A throne. Final resting place for you, killed by a dog. Level 7: A fountain, a grave. The Gnomish Mines: levels 3 to 5 Level 3: Level 4: Level 5: Game over: ---------- / \ / REST \ / IN \ / PEACE \ / \ | Emilus85 | | 46 Au | | killed by a dog | | | | | | | | 2023 | *| * * * | * _________)/\\_//(\/(/\)/\//\/|_)_______ Farvel Emilus85 the Valkyrie... You died in The Dungeons of Doom on dungeon level 6 with 3188 points, and 46 pieces of gold, after 4723 moves. You were level 7 with a maximum of 63 hit points when you died.